 Dungeon Crawl Stone Soup version 0.25.1-11-g244df3a29b (webtiles) character file.

Game seed: 7711312912126037799

2696 Tauromancer the Cruncher (level 9, -14/85 HPs)
             Began as a Gargoyle Gladiator on Oct 7, 2020.
             Was a Believer of Nemelex Xobeh.
             Demolished by a gnoll
             ... wielding a +1 halberd of electrocution
              (20 damage)
             ... while paralysed
             ... on level 7 of the Dungeon on Mar 31, 2023.
             The game lasted 00:31:43 (7087 turns).

Tauromancer the Cruncher (Gargoyle Gladiator)       Turns: 7087, Time: 00:31:44

Health: -14/85     AC: 24    Str: 26    XL:     9   Next: 65%
Magic:  9/9        EV:  2    Int: 10    God:    Nemelex Xobeh [**....]
Gold:   243        SH:  0    Dex: 11    Spells: 8/8 levels left

rFire    . . .     SeeInvis .   a - +0 quarterstaff
rCold    . . .     Gourm    .   (shield currently unavailable)
rNeg     + + +     Faith    .   (armour currently unavailable)
rPois    ∞         Spirit   .   (helmet currently unavailable)
rElec    .         Reflect  .   (cloak currently unavailable)
rCorr    .         Harm     .   (gloves currently unavailable)
MR       .....     NoTele   +   (boots currently unavailable)
Stlth    +.........             (no amulet)
HPRegen  0.24/turn              l - +6 ring of strength
MPRegen  0.11/turn              s - ring of positive energy

@: paralysed, tree-form, berserk cooldown, slowed
A: negative energy resistance 1, petrification resistance, rot immunity, AC +6
a: Draw Escape, Draw Destruction, Draw Summoning, Renounce Religion


You were on level 7 of the Dungeon.
You worshipped Nemelex Xobeh.
Nemelex Xobeh was pleased with you.
You were not hungry.
You were a tree.
You visited 1 branch of the dungeon, and saw 7 of its levels.

You collected 243 gold pieces.

Inventory:

Hand Weapons
 a - a +0 quarterstaff (weapon)
 k - a +0 giant spiked club
Armour
 c - a +0 helmet (melded)
 r - a +2 pair of boots (melded)
 y - a +0 cloak (melded)
 H - a +3 plate armour of magic resistance (melded)
Jewellery
 l - a +6 ring of strength (left branch)
 s - a ring of positive energy (right branch)
Wands
 g - a wand of clouds (3)
 q - a wand of disintegration (5)
Scrolls
 e - 3 scrolls of teleportation
 h - a scroll of summoning {unknown}
 i - a scroll of enchant weapon {unknown}
 m - 2 scrolls of magic mapping {unknown}
 u - 2 scrolls of remove curse
 z - a scroll of fear {unknown}
 B - a scroll of blinking {unknown}
 C - a scroll of amnesia {unknown}
 G - a scroll of random uselessness {unknown}
Potions
 j - 2 potions of lignification
 n - a potion of haste {unknown}
 o - 2 potions of cancellation
 t - a potion of resistance {unknown}
 v - 2 potions of curing
 w - a potion of stabbing {unknown}
 A - a potion of ambrosia {unknown}
 D - 2 potions of mutation
 E - a potion of heal wounds {unknown}
Comestibles
 f - 6 rations


   Skills:
 + Level 7.4 Fighting
 * Level 9.5 Staves
 - Level 2.3 Throwing
 + Level 6.7 Armour
 - Level 2.4 Dodging


You had 8 spell levels left.
You didn't know any spells.
Your spell library contained the following spells:

 Spells                   Type           Power        Failure   Level  Hunger
 Infusion                 Chrm           #...         36%         1    ##.....
 Shroud of Golubria       Chrm/Tloc      #.....       50%         2    ###....
 Song of Slaying          Chrm           #.......     50%         2    ###....
 Ozocubu's Armour         Chrm/Ice       #.......     75%         3    ####...
 Spectral Weapon          Hex/Chrm       #.......     75%         3    ####...


Dungeon Overview and Level Annotations

Branches:
Dungeon (7/15)             Temple (0/1) D:5

Altars:
Dithmenos
Elyvilon
Fedhas
Hepliaklqana
Kikubaaqudgha
Nemelex Xobeh
Qazlal
Sif Muna
Trog
Zin

Annotations:
D:7 1 transporter, Gadfly's ghost, novice DrTm


Innate Abilities, Weirdness & Mutations

You are resistant to torment.
((Your stone body is resilient. (AC +6)))
You are immune to poison.
You resist negative energy. (rN+)
((You are resistant to electric shocks. (rElec)))
((You can survive without breathing.))
You are immune to petrification.
You are immune to rotting.


Message History

A red film seems to cover your vision as you go berserk!
You feel yourself moving faster!
You feel mighty!
The gnoll hits you from afar with a +1 halberd of electrocution.
* * * LOW HITPOINT WARNING * * *
You are electrocuted!
* * * LOW HITPOINT WARNING * * *
The gnoll sergeant hits you but does no damage. x2
You are too berserk!
You cannot move.
You feel a strong urge to attack something.
The gnoll hits you but does no damage.
You are no longer corroded.
The gnoll sergeant hits you but does no damage. x2
You are too berserk!
You feel your anger nearly subside.
You are no longer berserk.
You pass out from exhaustion.
You feel yourself slow down. The gnoll hits you but does no damage.
You are electrocuted!!
You die...
Your body glows slightly and disappears.

#.≈≈#... ...
#.≈≈###.##'##
#.≈≈.. .#P)P#
#.≈≈.##.'.☼)
#.≈≈.#© .).
#.≈≈.##.##g## # ≈
#.....#)#☼§§#.#..≈≈
#....©#)g.♣.gW#©.≈≈
#.....#)#8⌠8#.#..≈≈
#.≈≈.##.##### # ≈
#.≈≈.#..#
##.≈≈.##.# ##
#..≈≈..#.#.
.#####..≈≈###.##
........≈≈#g...
........≈≈#..### #


You could see 2 gnoll sergeants, Gadfly's ghost and a gnoll.

Vanquished Creatures
  Pikel (D:6)
  An orc warrior (D:7)
  3 phantoms
  4 slaves (D:6)
  2 ogres
  A black bear (D:7)
  A centaur (D:6)
  2 bullfrogs
  A gnoll sergeant (D:7)
  A scorpion (D:4)
  3 crimson imps
  2 hounds (D:6)
  2 centaur skeletons
  4 orc priests
  7 orc wizards
  2 bullfrog skeletons (D:7)
  Jessica (D:2)
  2 iguanas (D:7)
  Terence (D:2)
  Natasha (thrice) (D:2)
  7 worker ants
  10 gnolls
  10 adders
  An adder skeleton (D:6)
  3 leopard geckos
  21 orcs
  9 giant cockroaches
  9 goblins
  5 hobgoblins
  26 jackals
  3 kobolds (D:1)
  3 quokkas
  2 ball pythons (D:3)
  A ball python skeleton (D:5)
  14 bats
  3 frilled lizards
  A jackal skeleton (D:7)
  A jackal zombie (D:7)
  10 rats
  3 plants (D:7)
186 creatures vanquished.

Vanquished Creatures (collateral kills)
  A centaur (D:7)
1 creature vanquished.

Vanquished Creatures (others)
  A plant (D:7)
1 creature vanquished.

Grand Total: 188 creatures vanquished

Notes
Turn   | Place    | Note
-------+----------+-------------------------------------------
     0 | D:1      | Tauromancer the Gargoyle Gladiator began the quest for the
                  | Orb.
     0 | D:1      | Reached XP level 1. HP: 12/12 MP: 1/1
   255 | D:1      | Reached XP level 2. HP: 18/18 MP: 2/2
   387 | D:1      | Reached skill level 1 in Armour
   647 | D:1      | Reached XP level 3. HP: 21/22 MP: 3/3
  1582 | D:2      | Reached XP level 4. HP: 27/27 MP: 4/4
  1633 | D:2      | Found an ancient bone altar of Kikubaaqudgha.
  1640 | D:2      | Noticed Jessica
  1645 | D:2      | Killed Jessica
  1685 | D:2      | Noticed Natasha
  1700 | D:2      | Killed Natasha
  1700 | D:2      | Reached skill level 4 in Staves
  1752 | D:2      | Reached XP level 5. HP: 27/32 MP: 5/5
  1797 | D:2      | Found a faded altar of an unknown god.
  1830 | D:2      | Noticed Terence
  1842 | D:2      | Killed Terence
  2069 | D:2      | Noticed Natasha
  2122 | D:2      | Killed Natasha
  2202 | D:2      | Noticed Natasha
  2211 | D:2      | Killed Natasha
  2455 | D:2      | Upgraded the game from 0.25.1-2-g60ff931df9 to
                  | 0.25.1-11-g244df3a29b
  2771 | D:3      | Reached XP level 6. HP: 33/38 MP: 6/6
  2785 | D:3      | Reached skill level 5 in Staves
  3543 | D:4      | Reached XP level 7. HP: 32/44 MP: 7/7
  3812 | D:4      | Found a glowing silver altar of Zin.
  3895 | D:4      | Reached skill level 6 in Staves
  4062 | D:4      | Reached skill level 5 in Fighting
  4132 | D:4      | Found a sparkling altar of Nemelex Xobeh.
  4145 | D:4      | Found a white marble altar of Elyvilon.
  4153 | D:4      | Became a worshipper of Nemelex Xobeh the Trickster
  4187 | D:4      | Found a hazy altar of Hepliaklqana.
  4273 | D:4      | Received a gift from Nemelex Xobeh
  4394 | D:5      | Entered Level 5 of the Dungeon
  4430 | D:5      | Found a blossoming altar of Fedhas.
  4786 | D:5      | Reached XP level 8. HP: 34/49 MP: 8/8
  4925 | D:5      | Reached skill level 7 in Staves
  5003 | D:5      | Found a staircase to the Ecumenical Temple.
  5264 | D:6      | Found a shimmering blue altar of Sif Muna.
  5330 | D:6      | Noticed Pikel
  5351 | D:6      | Killed Pikel
  5351 | D:6      | Reached skill level 8 in Staves
  5351 | D:6      | Reached skill level 5 in Armour
  5535 | D:6      | Reached XP level 9. HP: 56/56 MP: 9/9
  5567 | D:6      | Found a shadowy altar of Dithmenos.
  5578 | D:6      | Reached * piety under Nemelex Xobeh
  5837 | D:6      | Found a stormy altar of Qazlal.
  5997 | D:6      | Found a bloodstained altar of Trog.
  6159 | D:7      | Reached skill level 9 in Staves
  6615 | D:7      | Reached ** piety under Nemelex Xobeh
  6882 | D:7      | Received a gift from Nemelex Xobeh
  7053 | D:7      | Found a transporter.
  7057 | D:7      | Identified the ring of the Two Names {rPois rN+}
  7059 | D:7      | Found a transporter.
  7060 | D:7      | Noticed Gadfly's ghost (novice DrTm)
  7087 | D:7      | Demolished by a gnoll

Illustrated notes

Levels and vault maps discovered:
D:1:      dpeg_arrival_prison, layout_basic, serial_bayou_crossing
D:2:      layout_rooms, nicolae_overflow_crystal_walls,
          chequers_ecumenical_altar_simple_redux, uniq_terence, uniq_jessica,
          uniq_natasha
D:3:      layout_rooms, first_ration
D:4:      minmay_angry_zag, layout_cave_pools,
          nemelex_xobeh_ov_fountains_minmay, lemuel_doored_altar,
          lemuel_round_altar, elyvilon_altar_5
D:5:      layout_loops_ring, fedhas_altar_3, temple_hall
D:6:      layout_basic, nicolae_overflow_hidden_temple,
          lemuel_coloured_pillars_altar, old_standard_altar, old_standard_altar,
          uniq_pikel
D:7:      minmay_clustersquares, layout_rooms, serial_rivers,
          chequers_serial_rivers_micro_e, chequers_serial_rivers_large_a,
          chequers_serial_rivers_room_a, chequers_serial_rivers_marsh,
          chequers_serial_rivers_marsh, gammafunk_ghost_gnarly_gnolls,
          nrook_mini_backslash

Skill      XL: |  1  2  3  4  5  6  7  8  9 |
---------------+----------------------------+-----
Throwing       | 2 |  2.3
Armour         | 1 2 3 4 5 6 |  6.7
Fighting       | 3 4 5 6 7 |  7.4
Staves         | 4 5 6 8 9 |  9.5
Dodging        | |  2.4

Action                   |  1- 3 |  4- 6 |  7- 9 || total
-------------------------+-------+-------+-------++-------
Melee: Quarterstaff      |   149 |   181 |   399 ||   729
       Unarmed           |       |     2 |       ||     2
Throw: Throwing net      |       |     5 |     5 ||    10
Invok: Draw Destruction  |       |       |     3 ||     3
       Draw Summoning    |       |       |     3 ||     3
Evoke: Wand              |       |     1 |     1 ||     2
  Use: Scroll            |       |     2 |     9 ||    11
       Potion            |       |       |     3 ||     3
 Stab: Held in net/web   |       |     1 |     5 ||     6
  Eat: Chunk             |     2 |     3 |     5 ||    10
       Ration            |       |     1 |     2 ||     3
Armor: Leather armour    |    75 |    10 |       ||    85
       Skin              |       |     9 |     6 ||    15
       Chain mail        |       |   108 |   185 ||   293
       Plate armour      |       |       |   130 ||   130
Dodge: Dodged            |   112 |   108 |   185 ||   405
